 Dungeon Sprint DCSS version 0.32-a0-485-g70f7560b1c (webtiles) character file.

Game seed: 6943719041934115777

122 rocky1 the Chopper (level 5, -2/90 (91) HPs)
             Began as an Oni Gladiator on Feb 26, 2024.
             Was an Elder of Cheibriados.
             Slain by a wight
             ... wielding a +0 mace
              (3 damage)
             ... in the Dungeon (Sprint VII: "The Pits").
             The game lasted 00:00:58 (432 turns).

rocky1 the Chopper (Oni Gladiator)                   Turns: 432, Time: 00:01:00

HP:   -2/90 (91)    AC:  3    Str: 29    XL:     5   Next: 6%
MP:   3/8           EV: 11    Int: 18    God:    Cheibriados [****..]
Gold: 0             SH:  0    Dex: 19    Spells: 4/4 levels left

rFire   . . .        a - +0 war axe
rCold   . . .        (no shield)
rNeg    . . .        b - +0 robe
rPois   .            c - +0 hat
rElec   .            (no cloak)
rCorr   .            (gloves unavailable)
SInv    .            (boots unavailable)
Will    .....        (no amulet) Stlth
                     (no ring)
HPRegen 0.35/turn    (no ring)
MPRegen 0.11/turn

%: no teleportation
@: berserking (expiring), lightly drained, very slow
A: large, unfitting armour, horns 1, tough skin 1, double potion healing,
drunken brawling
a: Renounce Religion, Bend Time, Temporal Distortion, Slouch


You were in the Dungeon.
You worshipped Cheibriados.
Cheibriados was greatly pleased with you.
You visited 1 branch

Inventory:

Hand Weapons
 a - a +0 war axe (weapon)
Missiles
 d - 3 throwing nets (quivered)
 e - a large rock
Armour
 b - a +0 robe (worn)
 c - a +0 hat (worn)
Scrolls
 k - a scroll of blinking
 m - 2 scrolls of vulnerability
 n - 5 scrolls of amnesia
 o - a scroll of butterflies
Potions
 f - a potion of curing
 g - a potion of heal wounds
 h - a potion of haste
 i - 4 potions of magic
 j - 2 potions of berserk rage
 l - 2 potions of invisibility


   Skills:
 + Level 6.5 Fighting
 * Level 7.6 Axes
 - Level 2.0 Throwing
 - Level 2.6 Dodging
 + Level 5.3 Invocations


You had 4 spell levels left.
You didn't know any spells.
Your spell library was empty.

Dungeon Overview and Level Annotations

Branches:
Dungeon (1/1)

Altars:
Ashenzari
Cheibriados
Dithmenos
Elyvilon
Fedhas
Gozag
Hepliaklqana
Kikubaaqudgha
Makhleb
Nemelex Xobeh
Okawaru
Qazlal
Ru
Sif Muna
Trog
Uskayaw
Vehumet
Wu Jian
Xom
Yredelemnul
Zin
The Shining One
Beogh
Jiyva
Lugonu


Innate Abilities, Weirdness & Mutations

You are too large for most types of armour.
You have a pair of small horns on your head.
You have tough skin. (AC +1)
You gain doubled healing and magic from potions.
Whenever you drink a healing potion, you attack all around you.


Message History

Your Fighting skill gained 2 levels and is now at level 5!
Your Axes skill gained 2 levels and is now at level 6!
Your Invocations skill gained 2 levels and is now at level 4!
You have reached level 3!
Your experience leads to an increase in your attributes!
Your base attributes are Str 17, Int 9, Dex 10.
Increase (S)trength, (I)ntelligence, or (D)exterity?
You feel stronger. x3
You have reached level 4!
Unknown command.
You slash the wight!
You destroy the wight!
Cheibriados appreciates the change of pace.
Cheibriados raises the support of your attributes as your movement slows.
You hit the quokka skeleton. You hit the scorpion but do no damage.
The scorpion stings you but does no damage.
Your Fighting skill increases to level 6!
Your Axes skill increases to level 7!
Your Invocations skill increases to level 5!
You have reached level 5!
Unknown command.
You slash the wight!
The wight is severely damaged.
You closely miss the scorpion. The scorpion closely misses you.
The wight barely misses you.
Unknown command.
You closely miss the wight.
The wight is severely damaged.
You slash the quokka skeleton!
You destroy the quokka skeleton!
Cheibriados appreciates the change of pace.
You can now inflict damage on those overly hasty.
Cheibriados raises the support of your attributes as your movement slows.
You barely miss the scorpion.
The scorpion stings you but does no damage.
The scorpion barely misses you. The wight hits you with a +0 mace!
* * * LOW HITPOINT WARNING * * *
You feel drained.
You die...
Cheibriados appreciates the motionlessness of death.

#_______...##########
##########'##........
#..(.')))'.##......#.
##########.##........
#..........)'........
#+#####'#####......#.
#..#.÷#÷.##........
#..)..'..#####'####
##@####+###.......#
#.zs.....##.......#
#........##.......#
#####+#####...<...#
#.......# #.......#
#.......# #########


You could see a scorpion and a wight.

Vanquished Creatures
  2 wights (D)
  An adder zombie (D)
  A bat (D)
  A bat zombie (D)
  A hobgoblin (D)
  A kobold (D)
  2 goblins (D)
  A quokka skeleton (D)
10 creatures vanquished.

Notes
Turn   | Place    | Note
-------+----------+-------------------------------------------
     0 | D        | rocky1 the Oni Gladiator began the quest for the Orb.
     0 | D        | Reached XP level 1. HP: 22/22 MP: 1/1
    45 | D        | Found a bloodstained altar of Trog.
    45 | D        | Found a shimmering blue altar of Sif Muna.
    45 | D        | Found a viscous altar of Jiyva.
    45 | D        | Found a hazy altar of Hepliaklqana.
    45 | D        | Found an opulent altar of Gozag.
    46 | D        | Found a glowing golden altar of the Shining One.
    46 | D        | Found a glowing silver altar of Zin.
    46 | D        | Found a basalt altar of Yredelemnul.
    46 | D        | Found a shimmering altar of Xom.
    46 | D        | Found an ornate altar of the Wu Jian Council.
    46 | D        | Found a sacrificial altar of Ru.
    46 | D        | Found a stormy altar of Qazlal.
    46 | D        | Found an iron altar of Okawaru.
    46 | D        | Found a sparkling altar of Nemelex Xobeh.
    46 | D        | Found a burning altar of Makhleb.
    46 | D        | Found a blossoming altar of Fedhas.
    46 | D        | Found a white marble altar of Elyvilon.
    46 | D        | Found a shadowy altar of Dithmenos.
    46 | D        | Found a snail-covered altar of Cheibriados.
    50 | D        | Found a roughly hewn altar of Beogh.
    50 | D        | Found a corrupted altar of Lugonu.
    50 | D        | Found a radiant altar of Vehumet.
    51 | D        | Found a broken altar of Ashenzari.
    51 | D        | Found an ancient bone altar of Kikubaaqudgha.
    51 | D        | Found a hide-covered altar of Uskayaw.
    57 | D        | Became a worshipper of Cheibriados the Contemplative
   188 | D        | Reached * piety under Cheibriados
   188 | D        | Reached ** piety under Cheibriados
   189 | D        | Reached skill level 4 in Axes
   189 | D        | Reached skill level 1 in Invocations
   302 | D        | Reached XP level 2. HP: 26/31 MP: 1/3
   424 | D        | Noticed a wight
   424 | D        | Noticed a wight
   427 | D        | Noticed a wight
   427 | D        | Noticed a scorpion
   428 | D        | Reached *** piety under Cheibriados
   429 | D        | Killed a wight
   430 | D        | Reached skill level 5 in Fighting
   430 | D        | Reached skill level 6 in Axes
   430 | D        | Reached XP level 3. HP: 6/42 MP: 3/6
   430 | D        | Reached XP level 4. HP: 7/50 MP: 3/7
   431 | D        | Reached skill level 7 in Axes
   431 | D        | Reached skill level 5 in Invocations
   431 | D        | Reached XP level 5. HP: 9/61 MP: 3/8
   432 | D        | Reached **** piety under Cheibriados
   432 | D        | HP: 1/91 [wight/+0 mace (9)]
   432 | D        | Slain by a wight

Illustrated notes

Levels and vault maps discovered:
D:        pitsprint [storerooms_1, entrance_room_1, metal_vault_7, armoury_1,
          mini_pit_1, grid_room_1, main_hall_1, silver_pit, the_coven_3,
          the_vestibule_1, steel_vault_5, golden_pit, hallway_of_sentries,
          crystal_vault_1, iron_vault_5, final_vault]

Skill      XL: |  1  2  3  4 |
---------------+-------------+-----
Fighting       | 3 5 6 |  6.5
Axes           | 4 6 7 |  7.6
Invocations    | 1 4 5 |  5.3
Throwing       | |  2.0
Dodging        | |  2.6

Action                     |  1- 3 |  4- 6 || total
---------------------------+-------+-------++-------
  Melee: War axe           |    26 |     3 ||    29
         Headbutt          |     2 |       ||     2
    Use: Potion            |     1 |       ||     1
 Armour: Robe              |    25 |     3 ||    28
  Dodge: Dodged            |    27 |     3 ||    30

Table legend: (Time is in decaauts)
 A = Elapsed time spent in this place.
 B = Non-inter-level travel time spent in this place.
 C = Inter-level travel time spent in this place.
 D = Time resting spent in this place.
 E = Time spent auto-exploring this place.
 F = Levels seen in this place.
 G = Mean time per level.
                   A        B        C        D        E       F      G
               +--------+--------+--------+--------+--------+-----+--------+
         Total |    448 |    448 |      0 |    320 |      0 |   1 |  448.0 |
       Dungeon |    448 |    448 |      0 |    320 |      0 |   1 |  448.0 |
               +--------+--------+--------+--------+--------+-----+--------+

Top non-repeatable levels by time:
       D: 448 daAuts
